Map: Ever Dream LE

Players

AgoElazer (Elazer)

  • Race: Zerg Zerg
  • Spawn Location: 1:00

Zest - Winner!

  • Race: Protoss Protoss
  • Spawn Location: 7:00

VOD

Have the link to the VOD?

Description

Time

  • Played on: May 22, 2020, 8:10 a.m.
  • Length: 8:52
Show
View Real Time Build Order
Export as new Build Order

AgoElazer Zerg 

Build Orders: Hatch First 

Get SALT Encoding   

  12  0:00  Drone  
  13  0:12  Overlord  
  13  0:17  Drone  
  14  0:30  Drone x2  
  16  0:47  Hatchery  
  15  0:50  Drone  
  15  0:55  Drone  
  17  0:58  Drone  
  18  1:09  Extractor  
  17  1:13  Spawning Pool  
  17  1:17  Drone  
  17  1:21  Drone  
  18  1:28  Drone  
  19  1:39  Drone  
  20  1:51  Overlord  
  20  2:00  Queen x2  
  20  2:01  Zergling x4  
  26  2:11  Drone x2  
  26  2:13  Metabolic Boost  
  28  2:20  Drone  
  28  2:22  Drone  
  30  2:33  Drone  
  30  2:34  Drone  
  32  2:40  Hatchery  
  32  2:43  Zergling x2  
  32  2:48  Drone  
  33  2:52  Queen  
  33  2:55  Overlord  
  35  3:01  Drone  
  35  3:09  Overlord  
  35  3:14  Drone x4  
  35  3:19  Drone  
  40  3:22  Drone  
  41  3:27  Queen  
  41  3:30  Drone  
  44  3:34  Drone  
  44  3:38  Drone  
  46  3:41  Drone x3  
  46  3:46  Drone  
  46  3:47  Drone  
  51  3:52  Overlord  
  51  3:54  Queen  
  53  3:58  Drone x2  
  53  4:00  Overlord  
  53  4:02  Roach Warren  
  54  4:05  Zergling x6  
  57  4:12  Spine Crawler, Zergling x6  
  57  4:13  Zergling x2  
  60  4:20  Zergling x4  
  62  4:24  Zergling x10  
  62  4:27  Spine Crawler  
  62  4:28  Spore Crawler  
  66  4:31  Spore Crawler  
  66  4:35  Spore Crawler  
  64  4:40  Overlord  
  61  4:54  Drone x11  
  70  5:03  Lair  
  70  5:05  Drone x2  
  70  5:07  Extractor  
  70  5:11  Overlord  
  70  5:12  Drone  
  70  5:14  Drone x2  
  70  5:21  Roach x3  
  78  5:23  Roach  
  80  5:31  Roach x4  
  88  5:36  Overlord  
  88  5:40  Overlord  
  88  5:42  Overlord  
  88  5:58  Overlord  
  88  6:00  Roach x2, Extractor  
  88  6:01  Roach x2  
  95  6:08  Extractor  
  95  6:09  Overlord  
  95  6:10  Zergling x6  
  97  6:13  Baneling Nest, Evolution Chamber  
  97  6:16  Zergling x2  
  97  6:17  Zergling x2  
  97  6:29  Evolution Chamber  
  96  6:33  Overlord  
  96  6:35  Zergling x10  
  102  6:42  Overlord  
  102  6:43  Extractor, Zerg Melee Weapons Level 1  
  102  6:44  Hatchery  
  100  6:47  Drone x6  
  100  6:52  Drone x3, Overlord  
  109  6:56  Drone  
  109  6:58  Centrifical Hooks  
  109  7:00  Drone  
  111  7:02  Hydralisk Den  
  111  7:05  Drone x2  
  111  7:06  Ravager x2  
  113  7:10  Drone x6  
  113  7:11  Drone x2  
  113  7:12  Drone x2  
  122  7:20  Overlord  
  122  7:22  Extractor  
  121  7:28  Overlord  
  121  7:36  Overlord  
  122  7:37  Zergling x2  
  122  7:38  Overlord  
  122  7:39  Hydralisk x2, Grooved Spines  
  122  7:40  Hydralisk x2  
  130  7:49  Drone  
  130  7:50  Drone x3  
  130  7:51  Zergling x8  
  135  7:54  Ravager x4  
  135  7:55  Ravager  
  135  7:56  Unknown  
  141  7:59  Zergling x2  
  141  8:00  Zergling x4  
  141  8:02  Baneling x4  
  141  8:03  Baneling  
  141  8:04  Zergling x2  
  141  8:05  Zergling x12  
  151  8:06  Baneling x2  
  150  8:13  Zergling x12  
  150  8:20  Zergling x4  
  150  8:26  Overlord  
  150  8:27  Zergling x6  
Show
View Real Time Build Order
Export as new Build Order

Zest Protoss - Winner!

Build Orders: 1 Gate Expand, Zealot Archon, Archon Drop, Dark Templar Rush 

Get SALT Encoding   

  12  0:01  Probe  
  13  0:13  Probe  
  14  0:19  Pylon  
  14  0:25  Probe  
  15  0:37  Probe (Chrono Boost)  
  15  0:40  Gateway  
  16  0:46  Probe (Chrono Boost)  
  16  0:49  Assimilator  
  17  0:51  Probe (Chrono Boost)  
  18  1:03  Probe  
  19  1:15  Probe  
  20  1:25  Nexus  
  20  1:35  Cybernetics Core  
  20  1:38  Probe  
  21  1:43  Assimilator  
  21  1:50  Probe  
  21  1:53  Pylon  
  22  2:03  Probe (Chrono Boost)  
  23  2:08  Adept (Chrono Boost)  
  23  2:12  Probe (Chrono Boost), Warp Gate  
  26  2:17  Probe (Chrono Boost)  
  27  2:24  Twilight Council  
  27  2:29  Probe  
  28  2:31  Stalker (Chrono Boost)  
  30  2:37  Probe  
  30  2:41  Probe  
  32  2:48  Robotics Facility  
  33  2:51  Probe  
  33  2:54  Probe  
  34  3:04  Gateway  
  34  3:07  Probe x2  
  36  3:15  Dark Shrine  
  36  3:18  Adept  
  38  3:20  Probe  
  38  3:22  Probe  
  40  3:33  Gateway  
  40  3:35  Warp Prism (Chrono Boost)  
  42  3:43  Pylon  
  42  3:44  Probe  
  42  3:46  Probe  
  44  3:51  Assimilator  
  44  3:56  Probe  
  44  3:58  Probe  
  44  4:01  Adept  
  44  4:02  Adept  
  50  4:05  Pylon  
  50  4:08  Probe  
  51  4:11  Probe (Chrono Boost)  
  51  4:15  Assimilator  
  52  4:20  Probe (Chrono Boost)  
  52  4:23  Probe (Chrono Boost)  
  54  4:25  Pylon  
  54  4:30  Probe (Chrono Boost)  
  55  4:33  Dark Templar x3  
  55  4:34  Probe (Chrono Boost)  
  62  4:43  Probe  
  63  4:47  Pylon  
  63  5:00  Nexus  
  63  5:06  Dark Templar  
  63  5:07  Dark Templar x2  
  67  5:11  Shield Battery  
  69  5:14  Pylon  
  69  5:17  Probe, Pylon  
  69  5:18  Probe  
  71  5:25  Archon  
  71  5:30  Archon  
  71  5:32  Probe x2  
  73  5:36  Archon  
  73  5:37  Dark Templar x2  
  77  5:43  Dark Templar  
  77  5:44  Probe x2  
  77  5:45  Pylon  
  81  5:56  Probe x2  
  83  5:58  Charge  
  83  6:00  Observer  
  84  6:08  Probe x2, Gateway  
  84  6:09  Gateway  
  86  6:11  Gateway  
  86  6:13  Probe  
  86  6:14  Forge  
  87  6:20  Probe  
  87  6:21  Immortal (Chrono Boost)  
  87  6:23  Probe  
  87  6:25  Probe  
  94  6:32  Probe  
  95  6:40  Protoss Ground Weapons Level 1 (Chrono Boost)  
  95  6:43  Probe x2, Gateway  
  95  6:44  Probe, Gateway  
  95  6:46  Gateway  
  98  6:50  Assimilator  
  98  6:51  Immortal (Chrono Boost)  
  102  6:54  Assimilator  
  102  6:58  Sentry x3  
  108  7:04  Pylon  
  108  7:07  Archon  
  108  7:11  Gateway  
  108  7:12  Pylon  
  108  7:13  Photon Cannon  
  108  7:18  Dark Templar  
  108  7:22  Photon Cannon  
  110  7:24  Immortal (Chrono Boost)  
  110  7:25  Photon Cannon  
  110  7:28  Archon  
  114  7:31  Pylon  
  114  7:38  Zealot x3, Dark Templar x2  
  114  7:41  Observer  
  124  7:44  Archon  
  124  7:47  Pylon  
  124  7:49  Pylon  
  124  7:52  Zealot x2  
  124  7:53  Zealot  
  124  7:56  Zealot  
  133  7:58  Observer  
  133  8:10  Zealot x4  
  141  8:13  Zealot x3  
  141  8:17  Dark Templar x2  
  147  8:22  Zealot  
  141  8:32  Zealot x4  
  141  8:34  Zealot x2  
Tags
 
Add a new tag
Caveats
  • Supply blocks, unpowered buildings, or Contaminate may cause inaccurate times.
  • Supply counts are checked every 10 seconds.